 Dungeon Sprint DCSS version 0.30-b1-2-g02819fbbbe (webtiles) character file.

Game seed: 2590651198851157509

268722 Groucho the Merry Spriggan (level 19, 0/126 (128) HPs)
             Began as a Spriggan Hunter on May 3, 2023.
             Was the Champion of Qazlal.
             Slain by a profane servitor
             ... wielding a +3 demon whip of venom
              (12 damage)
             ... in the Dungeon (Sprint VII: "The Pits").
             The game lasted 01:36:49 (32385 turns).

Groucho the Merry Spriggan (Spriggan Hunter)       Turns: 32385, Time: 01:36:49

HP:   0/126 (128)   AC: 11    Str:  5    XL:     19   Next: 38%
MP:   35/47         EV: 57    Int: 12    God:    Qazlal [******]
Gold: 335           SH:  8    Dex: 31    Spells: 47/65 levels left

rFire   + + .        x - +6 arbalest (freeze)
rCold   + + .        (shield currently unavailable)
rNeg    + . .        U - +4 robe {rC+ rF+}
rPois   +            (helmet restricted)
rElec   .            w - +1 cloak
rCorr   +            (gloves unavailable)
SInv    +            (boots unavailable)
Will    ++++.        e - amulet of Uxodumau {Acrobat rPois rF+}
Stlth   +            N - ring "Azuist" {rC+ rCorr Dex+6}
HPRegen 0.41/turn    T - ring "Weadeuw" {rN+ Will+ Slay+5}
MPRegen 0.30/turn

%: no teleportation, repel missiles, acrobat
@: lethally poisoned (0 -> -40), slowed, wreathed by umbra, studying 2 skills,
lightly drained, unable to read, quick
A: very small, no large weapons, unfitting armour, see invisible, speed 3, weak
1, inability to read after injury 1
}: 2/3 runes: silver, golden
a: Renounce Religion, Upheaval, Elemental Force, Disaster Area


You were in the Dungeon.
You worshipped Qazlal.
Qazlal was exalted by your worship.
You visited 1 branch You collected 335 gold pieces.

Inventory:

Hand Weapons
 x - a +6 arbalest of freezing (weapon)
 z - the +8 autumn katana {manifold assault}
   (You took it off a fire giant in the Dungeon)
Armour
 w - a +1 cloak (worn)
 U - a +4 robe of resistance (worn)
 Y - +4 steam dragon scales
Jewellery
 a - the ring of Pinia {rElec rN+ Str-2 Int-4 Dex+8}
   (You found it in the Dungeon)

   [ring of positive energy]

   Str:       It affects your strength (-2).
   Int:       It affects your intelligence (-4).
   Dex:       It affects your dexterity (+8).
   rElec:     It insulates you from electricity.
   rN:        It protects you from negative energy.
 c - a +6 ring of evasion
 e - the amulet of Uxodumau (around neck) {Acrobat rPois rF+}
   (You found it in the Dungeon)

   [amulet of the acrobat]

   It increases your evasion while moving and waiting.
   rF:        It protects you from fire.
   rPois:     It protects you from poison.
 i - a ring of protection from cold
 q - a +4 ring of protection
 C - the ring "Xoneh" {rPois rCorr AC+4}
   (You took it off Frances in the Dungeon)

   [ring of protection]

   AC:        It affects your AC (+4).
   rPois:     It protects you from poison.
   rCorr:     It protects you from acid and corrosion.
 E - the amulet "Hesiemaa" {Reflect rElec rF+ SH+5}
   (You found it in the Dungeon)

   [amulet of reflection]

   It reflects blocked missile attacks.
   rF:        It protects you from fire.
   rElec:     It insulates you from electricity.
   SH:        It affects your SH (+5).
 I - the ring of Mehol {rF+ rC+ SInv}
   (You found it in the Dungeon)

   [ring of see invisible]

   rF:        It protects you from fire.
   rC:        It protects you from cold.
   SInv:      It lets you see invisible.
 J - the ring "Ufisetem" {rF+ AC+6}
   (You found it in the Dungeon)

   [ring of protection]

   AC:        It affects your AC (+6).
   rF:        It protects you from fire.
 K - the ring "Egiuxky" {rElec Dex+6}
   (You found it in the Dungeon)

   [ring of dexterity]

   Dex:       It affects your dexterity (+6).
   rElec:     It insulates you from electricity.
 N - the ring "Azuist" (left hand) {rC+ rCorr Dex+6}
   (You found it in the Dungeon)

   [ring of dexterity]

   Dex:       It affects your dexterity (+6).
   rC:        It protects you from cold.
   rCorr:     It protects you from acid and corrosion.
 P - the ring of Contentment {rF+ Dex+6}
   (You found it in the Dungeon)

   [ring of dexterity]

   Dex:       It affects your dexterity (+6).
   rF:        It protects you from fire.
 S - the amulet of Doubts {Reflect rElec rC+ SH+5 SInv}
   (You found it in the Dungeon)

   [amulet of reflection]

   It reflects blocked missile attacks.
   rC:        It protects you from cold.
   rElec:     It insulates you from electricity.
   SInv:      It lets you see invisible.
   SH:        It affects your SH (+5).
 T - the ring "Weadeuw" (right hand) {rN+ Will+ Slay+5}
   (You found it in the Dungeon)

   [ring of slaying]

   Slay:      It affects your accuracy & damage with ranged weapons and melee
   (+5).
   rN:        It protects you from negative energy.
   Will:      It increases your willpower.
Wands
 v - a wand of mindburst (23)
 A - a wand of iceblast (14)
 B - a wand of paralysis (4)
 D - a wand of flame (19)
Scrolls
 b - 2 scrolls of immolation
 l - 7 scrolls of amnesia
 m - 3 scrolls of summoning
 p - a scroll of silence
 r - 9 scrolls of identify
 s - 4 scrolls of fear
 t - 2 scrolls of fog
 y - a scroll of poison
 V - 3 scrolls of blinking
Potions
 d - 17 potions of curing
 f - 9 potions of haste
 g - 6 potions of magic
 h - 7 potions of berserk rage
 j - a potion of flight
 k - 2 potions of invisibility
 n - 4 potions of heal wounds
 o - 5 potions of might
 u - 5 potions of brilliance


   Skills:
 + Level 25.0 Fighting
 O Level 27 Ranged Weapons
 * Level 26.4 Armour
 O Level 27 Dodging
 - Level 1.5 Stealth
 + Level 23.8 Spellcasting
 - Level 22.1 Hexes
 O Level 27 Translocations
 O Level 27 Invocations


You had 47 spell levels left.
You knew the following spells:

 Your Spells              Type           Power      Damage    Failure   Level
a - Blink                 Tloc           100%       N/A       0%          2
b - Portal Projectile     Hex/Tloc       100%       N/A       0%          3
c - Summon Forest         Summ/Tloc      23%        N/A       1%          5
d - Disjunction           Tloc           34%        N/A       1%          8

Your spell library contained the following spells:

 Spells                   Type           Power      Damage    Failure   Level
 Confusing Touch          Hex            61%        N/A       0%          3
 Cause Fear               Hex            30%        N/A       0%          4
 Manifold Assault         Tloc           68%        N/A       0%          4
 Dispersal                Tloc           34%        N/A       0%          6
 Ensorcelled Hibernation  Hex/Ice        80%        N/A       1%          2
 Inner Flame              Hex/Fire       40%        N/A       1%          3
 Summon Guardian Golem    Hex/Summ       40%        N/A       1%          3
 Vhi's Electric Charge    Tloc/Air       92%        N/A       1%          3
 Anguish                  Hex/Necr       20%        N/A       1%          4
 Fulminant Prism          Conj/Hex       20%        3d12      1%          4
 Metabolic Englaciation   Hex/Ice        20%        N/A       1%          5
 Summon Mana Viper        Hex/Summ       40%        N/A       1%          5
 Enfeeble                 Hex            30%        N/A       1%          7
 Beastly Appendage        Tmut           28%        N/A       3%          1
 Freeze                   Ice            56%        1d7       3%          1
 Kiss of Death            Conj/Necr      56%        2d9       3%          1
 Magic Dart               Conj           56%        1d5       3%          1
 Shock                    Conj/Air       56%        1d6       3%          1
 Sting                    Tmut/Pois      56%        1d5       3%          1
 Summon Small Mammal      Summ           56%        N/A       3%          1
 Call Imp                 Summ           28%        N/A       4%          2
 Cigotuvi's Dreadful Rot  Necr/Pois/Air  28%        N/A       4%          2
 Passwall                 Tmut/Erth      11%        N/A       4%          2
 Poisonous Vapours        Pois/Air       28%        N/A       4%          2
 Searing Ray              Conj           28%        2d5       4%          2
 Static Discharge         Conj/Air       28%        2-4/arc   4%          2
 Sublimation of Blood     Necr           14%        N/A       4%          2
 Wereblood                Tmut           14%        N/A       4%          2
 Call Canine Familiar     Summ           14%        N/A       9%          3
 Frozen Ramparts          Ice            28%        1d5       9%          3
 Hailstorm                Conj/Ice       14%        3d5       9%          3
 Ignite Poison            Fire/Tmut/Pois 14%        N/A       9%          3
 Mephitic Cloud           Conj/Pois/Air  14%        N/A       9%          3
 Spider Form              Tmut/Pois      14%        N/A       9%          3
 Swiftness                Air            14%        N/A       9%          3
 Airstrike                Air            7%         2d(1-17)  28%         4
 Animate Dead             Necr           14%        N/A       28%         4
 Dispel Undead            Necr           14%        3d10      28%         4
 Flame Wave               Conj/Fire      14%        2d6       28%         4
 Olgreb's Toxic Radiance  Pois           14%        N/A       28%         4
 Petrify                  Tmut/Erth      14%        N/A       28%         4
 Sticky Flame             Conj/Fire      14%        2d4       28%         4
 Summon Ice Beast         Ice/Summ       14%        N/A       28%         4
 Summon Lightning Spire   Summ/Air       14%        N/A       28%         4
 Alistair's Intoxication  Tmut/Pois      9%         N/A       63%         5
 Arcjolt                  Conj/Air       7%         1d17      63%         5
 Borgnjor's Vile Clutch   Necr/Erth      7%         N/A       63%         5
 Freezing Cloud           Conj/Ice/Air   7%         6-21      63%         5
 Irradiate                Conj/Tmut      7%         3d14      63%         5
 Death Channel            Necr           7%         N/A       99%         6
 Eringya's Noxious Bog    Tmut/Pois      7%         N/A       99%         6
 Plasma Beam              Fire/Air       7%         2x1d19    99%         6
 Simulacrum               Ice/Necr       7%         N/A       99%         6
 Statue Form              Tmut/Erth      9%         N/A       99%         6
 Summon Hydra             Summ           7%         N/A       100%        7
 Infestation              Necr           7%         N/A       100%        8
 Necromutation            Tmut/Necr      7%         N/A       100%        8
 Chain Lightning          Conj/Air       7%         3d9       100%        9


Dungeon Overview and Level Annotations

Branches:
Dungeon (1/1)

Altars:
Ashenzari
Cheibriados
Dithmenos
Elyvilon
Fedhas
Gozag
Hepliaklqana
Kikubaaqudgha
Makhleb
Nemelex Xobeh
Okawaru
Qazlal
Ru
Sif Muna
Trog
Uskayaw
Vehumet
Wu Jian
Xom
Yredelemnul
Zin
The Shining One
Jiyva
Lugonu


Innate Abilities, Weirdness & Mutations

You are very small and have problems with some larger weapons.
You are too small for most types of armour.
You have supernaturally acute eyesight. (SInv)
You cover ground extremely quickly. (Speed+++)
You are weak. (Str -2)
You occasionally lose the ability to read scrolls when taking damage.


Message History

Unknown command.
The death scarab attacks as you move away!
The death scarab completely misses you. You block the death scarab's attack.
The death scarab attacks as you move away!
The death scarab completely misses you.
The death scarab is no longer encased in ice.
The death scarab completely misses you.
There is an open door here.
You feel much better.
The royal mummy is no longer encased in ice.
The death scarab completely misses you. x2
You feel much better. The death scarab completely misses you.
The profane servitor hits you with a +3 demon whip of venom.
The profane servitor completely misses you.
You block the death scarab's attack.
Unknown command.
Unknown command.
Aiming: Upheaval
Press: ? - help, Dir - move target A storm cloud blasts the area with cutting wind!
The cutting wind hits the royal mummy!!!
You destroy the royal mummy!
Qazlal accepts your kill.
The death scarab disappears in a puff of smoke! x3
You feel extremely nervous for a moment...
You feel horribly lethargic.
You feel yourself slow down.
The profane servitor is engulfed in a thunderstorm.
The profane servitor hits you with a +3 demon whip of venom!
You are poisoned.
The profane servitor hits you with a +3 demon whip of venom!
* * * LOW HITPOINT WARNING * * *
You partially resist.
You feel drained.
* * * LOW HITPOINT WARNING * * *
You are more poisoned.
The profane servitor hits you with a +3 demon whip of venom!!
* * * LOW HITPOINT WARNING * * *
The profane servitor draws strength from your injuries!
You are more poisoned.
The profane servitor hits you with a +3 demon whip of venom!
You die...

,,,,*#######################(#
,,,,* ****** #** ### ### #)#
,,,,* *,+*,*##.*##.###.#####.#
,,,,*****,,,+.≈,#...÷...'.##'#
,,,,**,***,**#.###.###.#####.#
,,,****+,*+*,*#§§##'.###.###'#
,,** *,,,*,,,#§§.#...#...##.#
,** ***,***,+##A§##.##'.###'#
** *,*+*,***,#@#.#'#.#'# #.# **
**+,+**,*##.###.###.###'# ,***
*,,,+,,,#.°○)...#...##.# ,,,**
**,***,##'..##.'#'.###)# ,,,,*
******+#.###.###.#'# #.#
,,,,***,,,,,,##'.###.###.###'#
,,,,**,,,,,,,,#...'...'...##.##
,,,***,,,,,,,,##.##..##'.##[).#
,*** **,,,,,,**###.###.##').).#


You could see a profane servitor.

Vanquished Creatures
  Dissolution (D)
  2 pandemonium lords (D)
  Khufu (D)
  An orb of fire (D)
  Mennas (D)
  3 ancient liches (D)
  4 royal mummies (D)
  Margery (D)
  Frederick (D)
  5 curse toes (D)
  2 golden dragons (D)
  2 profane servitors (D)
  2 bone dragons (D)
  2 pearl dragons (D)
  An electric golem (D)
  Arachne (D)
  A hellephant (D)
  A tentacled monstrosity (D)
  A Brimstone Fiend (D)
  3 Hell Sentinels (D)
  2 liches (D)
  2 deep elf blademasters (D)
  16 titans (D)
  An acid blob (D)
  A quicksilver dragon (D)
  4 Executioners (D)
  Murray (D)
  3 sphinxes (D)
  Agnes (D)
  2 shadow dragons (D)
  Kirke (D)
  A draconian monk (D)
  Frances (D)
  3 azure jellies (D)
  A storm dragon (D)
  A daeva (D)
  23 fire giants (D)
  A draconian scorcher (D)
  3 deep elf sorcerers (D)
  13 frost giants (D)
  An iron dragon (D)
  A ghost moth (D)
  2 cacodemons (D)
  A balrug (D)
  3 angels (D)
  A war gargoyle (D)
  17 stone giants (D)
  A draconian annihilator (D)
  2 draconian stormcallers (D)
  2 apis (D)
  2 orc warlords (D)
  An ophan (D)
  3 deep elf demonologists (D)
  A purple draconian (D)
  2 green draconians (D)
  2 lorocyprocas (D)
  2 red draconians (D)
  2 white draconians (D)
  2 deep elf annihilators (D)
  2 dire elephants (D)
  2 eidola (D)
  A green death (D)
  3 deep elf death magi (D)
  A merfolk javelineer (D)
  3 blizzard demons (D)
  A merfolk impaler (D)
  2 fire dragons (D)
  8 ettins (D)
  A deep elf high priest (D)
  3 ice dragons (D)
  2 great orbs of eyes (D)
  2 hell beasts (D)
  14 hydras (D)
  An alligator snapping turtle (D)
  3 vault guards (D)
  An ice dragon (shapeshifter) (D)
  4 ogre magi (D)
  2 boulder beetles (D)
  A centaur warrior (D)
  A catoblepas (D)
  2 dancing weapons (D)
  A death knight (D)
  An alligator (D)
  An iron elemental (D)
  6 vampire magi (D)
  A two-headed ogre (D)
  6 death yaks (D)
  6 naga warriors (D)
  16 hell knights (D)
  A spriggan berserker (D)
  A deep elf knight (D)
  A fire crab (D)
  2 iron trolls (D)
  A spriggan druid (D)
  3 swamp dragons (D)
  3 wizards (D)
  4 lindwurms (D)
  A bog body (D)
  3 necromancers (D)
  11 orc knights (D)
  2 phantasmal warriors (D)
  An ugly thing (D)
  A wolf spider (D)
  2 manticores (D)
  2 salamanders (D)
  9 cyclopes (D)
  An elephant (shapeshifter) (D)
  3 guardian serpents (D)
  2 eyes of devastation (D)
  A smoke demon (D)
  A demonic crawler (D)
  A black mamba (D)
  2 cane toads (D)
  A molten gargoyle (D)
  A gargoyle (D)
  2 orange demons (D)
  2 kobold demonologists (D)
  6 komodo dragons (D)
  5 rime drakes (D)
  A freezing wraith (D)
  An unseen horror (D)
  An efreet (D)
  4 merfolk (D)
  2 guardian mummies (D)
  A red devil (D)
  An ice devil (D)
  A wind drake (D)
  A hornet (shapeshifter) (D)
  A tarantella (D)
  A snapping turtle (D)
  A spriggan (D)
  2 water elementals (D)
  4 slime creatures (D)
  A flying skull (D)
  2 wraiths (D)
  4 wyverns (D)
  5 hogs (D)
  2 neqoxecs (D)
  6 yaks (D)
  5 steam dragons (D)
  4 basilisks (D)
  A golden eye (D)
  5 vampire mosquitoes (D)
  A chaos spawn (D)
  3 acid dragons (D)
  A warg (D)
  2 floating eyes (D)
  6 swamp drakes (D)
  An ice beast (D)
  3 black bears (D)
  3 centaurs (D)
  4 kobold brigands (D)
  A phantom (D)
  3 small abominations (D)
  2 bullfrogs (D)
  A necrophage (D)
  5 killer bees (D)
  A hound (D)
  An orc priest (D)
  A gnoll bouda (D)
  2 orc wizards (D)
  3 mummies (D)
  3 gnolls (D)
  An ufetubus (D)
  3 adder zombies (D)
  2 adder skeletons (D)
  An adder simulacrum (D)
  9 orcs (D)
  A bat skeleton (D)
  2 endoplasms (D)
  A giant cockroach (D)
  3 jackals (D)
  A quokka (D)
  A ball python simulacrum (D)
  3 ball python skeletons (D)
  A ball python zombie (D)
  2 bats (D)
  A bat simulacrum (D)
  A frilled lizard (D)
  A giant cockroach zombie (D)
  2 kobolds (D)
479 creatures vanquished.

Notes
Turn   | Place    | Note
-------+----------+-------------------------------------------
     0 | D        | Groucho the Spriggan Hunter began the quest for the Orb.
     0 | D        | Reached XP level 1. HP: 10/10 MP: 2/2
   285 | D        | Found a bloodstained altar of Trog.
   285 | D        | Found a shimmering blue altar of Sif Muna.
   285 | D        | Found a viscous altar of Jiyva.
   285 | D        | Found a hazy altar of Hepliaklqana.
   285 | D        | Found an opulent altar of Gozag.
   286 | D        | Found a glowing golden altar of the Shining One.
   286 | D        | Found a glowing silver altar of Zin.
   286 | D        | Found a basalt altar of Yredelemnul.
   286 | D        | Found a shimmering altar of Xom.
   286 | D        | Found an ornate altar of the Wu Jian Council.
   286 | D        | Found a sacrificial altar of Ru.
   286 | D        | Found a stormy altar of Qazlal.
   286 | D        | Found an iron altar of Okawaru.
   286 | D        | Found a sparkling altar of Nemelex Xobeh.
   286 | D        | Found a burning altar of Makhleb.
   286 | D        | Found a blossoming altar of Fedhas.
   286 | D        | Found a white marble altar of Elyvilon.
   286 | D        | Found a shadowy altar of Dithmenos.
   286 | D        | Found a snail-covered altar of Cheibriados.
   288 | D        | Found a radiant altar of Vehumet.
   288 | D        | Found a corrupted altar of Lugonu.
   289 | D        | Found a hide-covered altar of Uskayaw.
   289 | D        | Found an ancient bone altar of Kikubaaqudgha.
   289 | D        | Found a broken altar of Ashenzari.
   317 | D        | Became a worshipper of Qazlal Stormbringer
   559 | D        | Reached * piety under Qazlal
   767 | D        | Reached skill level 5 in Ranged Weapons
   767 | D        | Reached skill level 1 in Invocations
   767 | D        | Reached XP level 2. HP: 15/15 MP: 3/3
  1081 | D        | Reached ** piety under Qazlal
  1133 | D        | Noticed an ice beast
  1133 | D        | Noticed a flying skull
  1226 | D        | Reached skill level 5 in Dodging
  1226 | D        | Reached XP level 3. HP: 3/20 MP: 5/5
  1242 | D        | Killed a flying skull
  1242 | D        | Reached *** piety under Qazlal
  1243 | D        | Reached XP level 4. HP: 26/26 MP: 2/8
  1243 | D        | Reached XP level 5. HP: 30/30 MP: 2/9
  1278 | D        | Reached skill level 5 in Invocations
  1447 | D        | Killed an ice beast
  1447 | D        | Reached **** piety under Qazlal
  1448 | D        | Reached skill level 5 in Fighting
  1448 | D        | Reached XP level 6. HP: 29/35 MP: 9/11
  1653 | D        | Noticed a smoke demon
  1681 | D        | Killed a smoke demon
  1682 | D        | Reached XP level 7. HP: 28/40 MP: 3/13
  2067 | D        | Reached skill level 10 in Dodging
  2070 | D        | Reached ***** piety under Qazlal
  2299 | D        | Noticed a cane toad
  2299 | D        | Noticed an orange demon
  2360 | D        | Killed a cane toad
  2361 | D        | Reached XP level 8. HP: 44/46 MP: 13/15
  2361 | D        | Killed an orange demon
  2646 | D        | Reached ****** piety under Qazlal
  2650 | D        | Noticed an orange demon
  2671 | D        | Killed an orange demon
  2680 | D        | Reached XP level 9. HP: 29/51 MP: 16/16
  2900 | D        | Noticed a boulder beetle
  3180 | D        | Killed a boulder beetle
  3181 | D        | Reached skill level 10 in Invocations
  3415 | D        | Noticed a gargoyle
  3416 | D        | Killed a gargoyle
  3417 | D        | Reached skill level 15 in Ranged Weapons
  3649 | D        | Noticed a demonic crawler
  3654 | D        | Reached XP level 10. HP: 58/58 MP: 11/18
  3667 | D        | Killed a demonic crawler
  4139 | D        | Noticed a molten gargoyle
  4141 | D        | Killed a molten gargoyle
  4399 | D        | Noticed a spriggan druid
  4401 | D        | Killed a spriggan druid
  4654 | D        | Noticed a fire dragon
  4654 | D        | Noticed a two-headed ogre
  4658 | D        | Killed a two-headed ogre
  4659 | D        | Reached skill level 10 in Fighting
  4659 | D        | Reached skill level 15 in Dodging
  4661 | D        | Killed a fire dragon
  5227 | D        | Noticed a merfolk javelineer
  5228 | D        | Noticed a phantasmal warrior
  5230 | D        | Killed a merfolk javelineer
  5231 | D        | Reached XP level 11. HP: 64/64 MP: 11/21
  5232 | D        | Noticed a death yak
  5258 | D        | Killed a phantasmal warrior
  5290 | D        | Killed a death yak
  5674 | D        | Got Huneklel's Catalogue of Fire and Effluvium
  5686 | D        | Got the Precepts of the Cumulonimbus
  6119 | D        | Noticed a bog body
  6124 | D        | Noticed a phantasmal warrior
  6159 | D        | Killed a phantasmal warrior
  6163 | D        | Killed a bog body
  6497 | D        | Gained mutation: Your body sometimes deteriorates upon
                  | taking damage. [a neqoxec]
  6499 | D        | Gained mutation: You are frail. (-10% HP) [a neqoxec]
  6514 | D        | Gained mutation: You occasionally lose the ability to drink
                  | potions when taking damage. [a neqoxec]
  6856 | D        | Noticed Kirke
  6900 | D        | Noticed a lindwurm
  6914 | D        | Killed Kirke
  7893 | D        | Noticed a vampire mage
  7893 | D        | Noticed an orc knight
  7893 | D        | Noticed an orc knight
  7893 | D        | Noticed an orc knight
  7893 | D        | Noticed an orc knight
  7893 | D        | Noticed an orc warlord
  7893 | D        | Noticed an orc knight
  7894 | D        | Noticed an orc warlord
  7899 | D        | Noticed an eight-headed hydra
  7921 | D        | Killed an eight-headed hydra
  7922 | D        | Reached XP level 12. HP: 60/63 MP: 23/23
  7938 | D        | Killed a vampire mage
  7973 | D        | Killed an orc warlord
  8384 | D        | Killed an orc warlord
  8675 | D        | Noticed a vault guard
  8702 | D        | Reached skill level 15 in Invocations
  8706 | D        | Killed a vault guard
  8717 | D        | Noticed a naga warrior
  8732 | D        | Killed a naga warrior
  8746 | D        | Noticed an entropy weaver
  8780 | D        | an entropy weaver changed into a hornet
  9107 | D        | Noticed a vault guard
  9108 | D        | Noticed a vault guard
  9109 | D        | Noticed a naga warrior
  9111 | D        | Noticed a naga warrior
  9127 | D        | Killed a vault guard
  9241 | D        | Killed a vault guard
  9318 | D        | Noticed a naga warrior
  9324 | D        | Killed a naga warrior
  9495 | D        | Killed a naga warrior
  9496 | D        | Reached XP level 13. HP: 69/69 MP: 25/25
 10000 | D        | Noticed a titan
 10006 | D        | Killed a titan
 10507 | D        | Noticed a deep elf death mage
 10508 | D        | Noticed a lorocyproca
 10514 | D        | Killed a deep elf death mage
 10514 | D        | Killed a lorocyproca
 11072 | D        | Identified the ring "Xoneh" {rPois rCorr AC+4}
 11072 | D        | Noticed Frances
 11115 | D        | Killed Frances
 11174 | D        | Paralysed by a floating eye for 2 turns
 11701 | D        | Noticed a bone dragon
 11725 | D        | Killed a bone dragon
 11914 | D        | Got Sif Muna's Handbook of Putrid Angles
 12501 | D        | Noticed a deep elf sorcerer
 12501 | D        | Noticed an eidolon
 12542 | D        | Killed a deep elf sorcerer
 12543 | D        | Reached skill level 15 in Fighting
 12562 | D        | Killed an eidolon
 12788 | D        | Noticed a deep elf death mage
 12865 | D        | Killed a deep elf death mage
 12866 | D        | Reached skill level 1 in Armour
 13131 | D        | Noticed a white draconian stormcaller
 13135 | D        | Killed a white draconian stormcaller
 13136 | D        | Reached XP level 14. HP: 44/77 MP: 20/27
 13850 | D        | Noticed an Ice Fiend
 13856 | D        | Noticed an Ice Fiend
 14037 | D        | Noticed an Executioner
 14045 | D        | Noticed a Brimstone Fiend
 14314 | D        | Noticed an ancient lich
 14335 | D        | Killed an ancient lich
 14336 | D        | Reached skill level 5 in Armour
 14617 | D        | Noticed a fire giant
 14618 | D        | Noticed a lich
 14619 | D        | Killed a fire giant
 14620 | D        | Killed a lich
 14867 | D        | Noticed a stone giant
 14875 | D        | Killed a stone giant
 15246 | D        | Noticed a green draconian monk
 15284 | D        | Killed a green draconian monk
 15448 | D        | Lost mutation: You occasionally lose the ability to drink
                  | potions when taking damage. [potion of mutation]
 15448 | D        | Lost mutation: You are frail. (-10% HP) [potion of
                  | mutation]
 15448 | D        | Gained mutation: You have hidden genetic defects. [potion
                  | of mutation]
 15448 | D        | Gained mutation: You are vulnerable to cold. (rC-) [potion
                  | of mutation]
 15448 | D        | Gained mutation: You are frail. (-10% HP) [potion of
                  | mutation]
 15449 | D        | Lost mutation: You have hidden genetic defects. [potion of
                  | mutation]
 15449 | D        | Lost mutation: You are vulnerable to cold. (rC-) [potion of
                  | mutation]
 15449 | D        | Lost mutation: You are frail. (-10% HP) [potion of
                  | mutation]
 15449 | D        | Gained mutation: Your system is resistant to poisons.
                  | (rPois) [potion of mutation]
 15467 | D        | Got the ring of Zakkal {Fire SInv}
 15469 | D        | Got the ring "Borabros" {Ice Contam Drain Will+ Int+3}
 15471 | D        | Got the ring "Xasod" {Will+ Int+5}
 15473 | D        | Got the ring of the Lobster {AC+6 Str+5 SInv}
 15475 | D        | Got the ring of Mehol {rF+ rC+ SInv}
 15478 | D        | Got the ring "Ufisetem" {rF+ AC+6}
 15480 | D        | Got the ring "Egiuxky" {rElec Dex+6}
 15482 | D        | Got the ring "Zeproux" {rC+ Str-4 Int+4 SInv}
 15484 | D        | Got the ring "Yruze" {Wiz Int+2}
 15486 | D        | Got the ring "Azuist" {rC+ rCorr Dex+6}
 15488 | D        | Got the ring of the Solstice {rElec rF- rN+ Int+3 Slay+3}
 15491 | D        | Got the ring of Contentment {rF+ Dex+6}
 15493 | D        | Got the ring "Qangatarot" {Ice Fly Str+3 Slay+3}
 15495 | D        | Got the ring "Asuyh" {rF+ Will- Int+2 Dex+5}
 15510 | D        | Got the amulet of Omaqurr {Faith rC- Will+ Str+5}
 15513 | D        | Got the amulet of Wylihoawa {RegenMP Will+}
 15516 | D        | Got the amulet of Hepliaklqana's Whim {Reflect rPois rC+
                  | Will+ MP-9 Str+3 SH+5}
 15521 | D        | Got the amulet of Uxodumau {Acrobat rPois rF+}
 15534 | D        | Got the amulet "Ymnivepn" {Spirit rPois Str+2}
 15537 | D        | Got the ring of Jobam {*Corrode rElec rF+ Int+4 Stlth+}
 15541 | D        | Got the amulet of Mistrust {Spirit Str+4}
 15544 | D        | Got the amulet "Ginliupe" {Fly Regen+}
 15547 | D        | Got the amulet "Hesiemaa" {Reflect rElec rF+ SH+5}
 15549 | D        | Got the amulet of Doubts {Reflect rElec rC+ SH+5 SInv}
 15552 | D        | Got the ring "Weadeuw" {rN+ Will+ Slay+5}
 15554 | D        | Got the ring of Foolhardiness {Fly rC+ Dex+3}
 15557 | D        | Got the ring "Lunwih" {rC+ Will+}
 15560 | D        | Got the ring of Qemmoask {rF+ rCorr Int+2}
 15581 | D        | Got the Handbook of Congelation
 15587 | D        | Got the Vellum of the Excruciating Rocks
 15592 | D        | Got Sif Muna's Elucidation of Aeromancy
 15604 | D        | Got the Tome of Putrid Shades
 15606 | D        | Got Even More Hermeneutics
 15612 | D        | Got Mos Limu's Spellbook of Heavy Vicissitude
 16042 | D        | Noticed a daeva
 16046 | D        | Killed a daeva
 16075 | D        | Noticed Arachne
 16085 | D        | Noticed an apis
 16094 | D        | Killed Arachne
 16102 | D        | Killed an apis
 16366 | D        | Noticed a ghost moth
 16368 | D        | Reached XP level 15. HP: 92/92 MP: 11/29
 16417 | D        | Noticed an Executioner
 16419 | D        | Noticed a Tzitzimitl
 16428 | D        | Reached skill level 10 in Armour
 16551 | D        | Noticed Margery
 16557 | D        | Noticed Agnes
 16558 | D        | Killed Margery
 16562 | D        | Killed Agnes
 16565 | D        | Reached skill level 27 in Ranged Weapons
 16574 | D        | Noticed Mennas
 16675 | D        | Killed Mennas
 17262 | D        | Noticed a deep elf sorcerer
 17268 | D        | Killed a deep elf sorcerer
 18319 | D        | Noticed a curse toe
 18379 | D        | Killed a curse toe
 18779 | D        | Noticed a lich
 18786 | D        | Killed a lich
 19406 | D        | Found the +0 pair of fencer's gloves {Riposte Dex+3}
 19406 | D        | Noticed a golden dragon
 19408 | D        | Reached skill level 15 in Armour
 19408 | D        | Reached skill level 27 in Dodging
 19408 | D        | Reached XP level 16. HP: 99/101 MP: 22/31
 19413 | D        | Killed a golden dragon
 19628 | D        | Got a silver rune of Zot
 20004 | D        | Noticed a bone dragon
 20004 | D        | Noticed an Executioner
 20004 | D        | Noticed a titan
 20012 | D        | Noticed a profane servitor
 20013 | D        | Killed an Executioner
 20014 | D        | Reached skill level 1 in Spellcasting
 20014 | D        | Reached skill level 1 in Hexes
 20160 | D        | Killed a profane servitor
 20248 | D        | Killed a bone dragon
 20252 | D        | Learned a level 2 spell: Blink
 20256 | D        | Learned a level 3 spell: Portal Projectile
 20307 | D        | Killed a titan
 20308 | D        | Reached skill level 5 in Translocations
 20474 | D        | Reached skill level 5 in Spellcasting
 20474 | D        | Reached skill level 5 in Hexes
 20725 | D        | Noticed a curse toe
 20732 | D        | Killed a curse toe
 20873 | D        | Noticed an Executioner
 20875 | D        | Noticed a deep elf blademaster
 20875 | D        | Noticed a curse toe
 20876 | D        | Noticed a hellephant
 20877 | D        | Killed a deep elf blademaster
 20889 | D        | Killed an Executioner
 20898 | D        | Killed a curse toe
 20951 | D        | Killed a hellephant
 21572 | D        | Noticed a curse toe
 21574 | D        | Noticed Dissolution
 21578 | D        | Noticed a sphinx
 21580 | D        | Killed a curse toe
 21580 | D        | Killed a sphinx
 21580 | D        | Killed Dissolution
 21580 | D        | Killed Frederick
 21588 | D        | Noticed a profane servitor
 21596 | D        | Killed a profane servitor
 21597 | D        | Noticed a quicksilver dragon
 21602 | D        | Killed a quicksilver dragon
 21603 | D        | Reached skill level 10 in Spellcasting
 21603 | D        | Reached skill level 10 in Hexes
 21929 | D        | Noticed an Executioner
 21932 | D        | Killed an Executioner
 21933 | D        | Reached XP level 17. HP: 109/109 MP: 29/33
 22757 | D        | Noticed a tentacled monstrosity
 22759 | D        | Noticed a royal mummy
 22761 | D        | Killed a tentacled monstrosity
 22763 | D        | Killed a royal mummy
 22766 | D        | Reached skill level 15 in Translocations
 23196 | D        | Got the ring "Farchepri" {rCorr MP+9}
 23221 | D        | Got the ring "Izudaem" {rC+ Int+2 SInv}
 23224 | D        | Got the ring of Pinia {rElec rN+ Str-2 Int-4 Dex+8}
 23226 | D        | Got the ring of Omilafyts {Ice rPois Str+4}
 23229 | D        | Got the ring of Truth {Ice Will+ SInv}
 23232 | D        | Got the ring "Muizanoo" {rC+ rN+ Str+4 Int+3}
 23235 | D        | Got the ring "Xarixug" {Fire Dex+3}
 23238 | D        | Got the amulet of Moral Flaws {Reflect rF+ Int+2 SH+5}
 23443 | D        | Noticed Neisikh the pandemonium lord
 23550 | D        | Killed Neisikh the pandemonium lord
 23798 | D        | Learned a level 5 spell: Summon Forest
 23807 | D        | Learned a level 8 spell: Disjunction
 23853 | D        | Noticed a pearl dragon
 23870 | D        | Killed a pearl dragon
 23890 | D        | Noticed a royal mummy
 23901 | D        | Killed a royal mummy
 24284 | D        | Noticed a pearl dragon
 24284 | D        | Noticed Khufu
 24287 | D        | Killed a pearl dragon
 24299 | D        | Killed Khufu
 24300 | D        | Reached skill level 15 in Spellcasting
 24300 | D        | Reached skill level 15 in Hexes
 24696 | D        | Lost mutation: Your system is resistant to poisons. (rPois)
                  | [potion of mutation]
 24696 | D        | Lost mutation: Your body sometimes deteriorates upon taking
                  | damage. [potion of mutation]
 24696 | D        | Gained mutation: You are weak. (Str -2) [potion of
                  | mutation]
 25623 | D        | Noticed an electric golem
 25632 | D        | Killed an electric golem
 25836 | D        | Noticed Yproy the pandemonium lord
 25867 | D        | Killed Yproy the pandemonium lord
 27496 | D        | Noticed an ancient lich
 27503 | D        | Killed an ancient lich
 27513 | D        | Noticed a Hell Sentinel
 27518 | D        | Killed a Hell Sentinel
 27615 | D        | Noticed a deep elf blademaster
 27636 | D        | Killed a deep elf blademaster
 28033 | D        | Noticed a Brimstone Fiend
 28046 | D        | Killed a Brimstone Fiend
 28597 | D        | Noticed a titan
 28597 | D        | Noticed a titan
 28597 | D        | Noticed a titan
 28598 | D        | Killed a titan
 28598 | D        | Killed a titan
 28598 | D        | Killed a titan
 28598 | D        | Killed a titan
 28598 | D        | Noticed a titan
 28599 | D        | Reached XP level 18. HP: 91/119 MP: 30/41
 28641 | D        | Reached skill level 27 in Invocations
 29195 | D        | Reached XP level 19. HP: 60/126 MP: 27/45
 29573 | D        | Got Sif Muna's Parchment of the Shift
 29631 | D        | Got a golden rune of Zot
 29989 | D        | Noticed an ancient lich
 29998 | D        | Killed an ancient lich
 30001 | D        | Noticed an orb of fire
 30236 | D        | Gained mutation: You occasionally lose the ability to read
                  | scrolls when taking damage. [an orb of fire]
 30240 | D        | Killed an orb of fire
 30717 | D        | Noticed a royal mummy
 30722 | D        | Killed a royal mummy
 31702 | D        | Noticed a golden dragon
 31702 | D        | Noticed a curse toe
 31706 | D        | Killed a curse toe
 31707 | D        | Reached skill level 27 in Translocations
 31709 | D        | Killed a golden dragon
 31950 | D        | Noticed Murray
 31961 | D        | Killed Murray
 32374 | D        | Noticed a profane servitor
 32375 | D        | Noticed a royal mummy
 32385 | D        | Killed a royal mummy
 32385 | D        | Slain by a profane servitor

Illustrated notes

Levels and vault maps discovered:
D:        pitsprint [storerooms_1, entrance_room_1, metal_vault_5, armoury_2,
          mini_pit_1, grid_room_1, main_hall_1, silver_pit, the_coven_1,
          the_vestibule_1, steel_vault_5, golden_pit, hallway_of_sentries,
          crystal_vault_1, iron_vault_2, final_vault]

Skill      XL: |  1  2  3  4  5  6  7  8  9 10 11 12 13 14 15 16 17 18 19 |
---------------+----------------------------------------------------------+-----
Fighting       | 2 3 4 5 6 7 9 10 12 13 15 16 18 20 22 24 25 | 25.0
Dodging        | 3 5 7 8 9 11 12 13 15 18 20 22 24 27 | 27.0
Ranged Weapons | 5 6 8 9 11 12 13 15 17 19 21 24 26 27 | 27.0
Invocations    | 1 2 4 5 6 8 9 10 12 14 15 17 19 21 23 26 27 | 27.0
Armour         | 2 9 15 18 23 24 26 | 26.4
Spellcasting   | 10 18 21 23 | 23.8
Hexes          | 10 18 21 22 | 22.1
Translocations | 12 21 25 27 | 27.0
Stealth        | |  1.5

Action                     |  1- 3 |  4- 6 |  7- 9 | 10-12 | 13-15 | 16-18 | 19-21 || total
---------------------------+-------+-------+-------+-------+-------+-------+-------++-------
   Fire: Shortbow          |    54 |    33 |   132 |   362 |       |       |       ||   581
         Arbalest          |       |       |       |    85 |   506 |   402 |    81 ||  1074
   Cast: Blink             |       |       |       |       |       |    14 |       ||    14
         Summon Forest     |       |       |       |       |       |     2 |       ||     2
         Disjunction       |       |       |       |       |       |     1 |       ||     1
 Invoke: Upheaval          |     1 |     3 |    14 |    38 |    68 |    70 |    13 ||   207
         Disaster Area     |       |       |       |     1 |     4 |     6 |       ||    11
    Use: Potion            |     5 |     1 |     2 |     4 |     9 |    13 |     3 ||    37
         Scroll            |     1 |       |       |     1 |       |    11 |       ||    13
 Armour: Robe              |     2 |       |     4 |    11 |    12 |     2 |       ||    31
         Steam dragon scal |       |       |       |       |       |    19 |     2 ||    21
  Dodge: Dodged            |    43 |     9 |    85 |   141 |   153 |   300 |   113 ||   844
         Repelled          |       |     1 |       |     4 |     9 |     6 |     2 ||    22
  Block: Other             |     1 |       |    33 |    37 |    52 |    70 |    33 ||   226
